 Dungeon Crawl Stone Soup version 0.20.1-1-g8b1a95d (webtiles) character file.

39 Zoop the Scratcher (level 3, -13/15 HPs)
             Began as a Felid Transmuter on Jan 24, 2019.
             Mangled by Sigmund
             ... wielding a +0 scythe
              (16 damage)
             ... on level 2 of the Dungeon.
             The game lasted 00:03:04 (1753 turns).

Zoop the Scratcher (Felid Transmuter)               Turns: 1753, Time: 00:03:04

Health: -13/15     AC:  1    Str:  6    XL:     3   Next: 28%
Magic:  7/7        EV: 18    Int: 15    God:
Gold:   59         SH:  0    Dex: 16    Spells: 0/6 levels left
                                        Lives:  0   Deaths: 0

rFire    . . .     SeeInvis +     - Unarmed
rCold    . . .     Gourm    .   (shield unavailable)
rNeg     . . .     Faith    .   (armour unavailable)
rPois    .         Spirit   .   (helmet unavailable)
rElec    .         Reflect  .   (cloak unavailable)
rCorr    .         Harm     .   (gloves unavailable)
MR       .....                  (boots unavailable)
Stlth    +.........             (no amulet)
Regen    0.1/turn               (no ring)
MPRegen  0.1/turn               (no ring)

@: confused, appendage (expiring), quick
A: no armour, no weapons or thrown items, stealth, claws 1, fangs 3, horns 2,
see invisible, carnivore 3, speed 1, shaggy fur 1, slow metabolism 1, sharp paws
a: End Transformation


You were on level 2 of the Dungeon.
You were completely stuffed.
You had grown temporary horns.
You visited 1 branch of the dungeon, and saw 2 of its levels.

You collected 59 gold pieces.

Inventory:

Missiles
 a - 33 arrows
Jewellery
 l - an uncursed ring of fire
Scrolls
 e - a scroll of remove curse {unknown}
 g - a scroll of enchant armour {unknown}
 j - a scroll of amnesia {unknown}
 m - 2 scrolls of identify {unknown}
Potions
 d - 3 potions of curing {unknown}
 h - a potion of flight {unknown}
 i - a potion of lignification {unknown}
 k - a potion of heal wounds {unknown}
 o - a potion of mutation {unknown}
Books
 b - a book of Changes

   Spells                             Type                      Level
   a - Beastly Appendage              Transmutation                1
   b - Sticks to Snakes               Transmutation                2
   c - Spider Form                    Transmutation/Poison         3
   d - Ice Form                       Ice/Transmutation            4
   e - Blade Hands                    Transmutation                5
Comestibles
 c - a meat ration
 f - 3 royal jellies


   Skills:
 + Level 1.0 Fighting
 - Level 3.1 Dodging
 + Level 1.5 Stealth
 + Level 3.4 Unarmed Combat
 + Level 2.3 Spellcasting
 + Level 2.5 Transmutations
 * Level 0.1 Poison Magic


You couldn't memorise any spells.
You knew the following spells:

 Your Spells              Type           Power        Failure   Level  Hunger
a - Beastly Appendage     Tmut           #.....       8%          1    #......
b - Sticks to Snakes      Tmut           #.......     12%         2    ###....
c - Spider Form           Tmut/Pois      #.........   36%         3    ###....


Dungeon Overview and Level Annotations

Branches:
Dungeon (2/15)

Altars:

Annotations:
D:2 Sigmund


Innate Abilities, Weirdness & Mutations

You cannot wear armour.
You are incapable of wielding weapons or throwing items.
Your paws allow you to move quietly. (Stealth)
You have sharp claws.
You have razor-sharp teeth.
You have supernaturally acute eyesight. (SInv)
You are carnivorous and can eat meat at any time.
You cover ground quickly.
You are covered in fur. (AC +1)
You have a slow metabolism.
Your sharp claws are effective at attacking unaware monsters.
You have a pair of horns on your head.


Message History

Your transformation is almost over.
No target in view!
No target in view!
No target in view!
Sigmund the Dreaded comes into view.
He is wielding a scythe.
You see here a goblin corpse.
You butcher the goblin corpse.
Sigmund points at you and mumbles some strange words.
You are confused.
You see here a chunk of flesh.
Unknown command.
Unknown command.
Sigmund hits you with a scythe!
Ouch! That really hurt!
* * * LOW HITPOINT WARNING * * *
You scratch Sigmund.
Sigmund is lightly wounded.
You bump into the rock wall.
Sigmund hits you with a scythe!
Ouch! That really hurt!
You die...

#.##.#.# #.........#
#......# ####.##.#.#
####.### #.##.#.# #.#
#(#....# ####.####
#.#..#.# #.......##
#.#....# #.##.##.#...
#...)..#
#.#..##.#.....###%....#.
#.#.###.#......@@.........
#(#.###.#.....####...##...
#.......#... #..### ###
###.###### #.## #.# #.#
#.# #.# #.# ######## #.#
###.####......# #<#
.......#.####.# #.#


You could see Sigmund.

Vanquished Creatures
  A worm (D:1)
  A dart slug (D:1)
  A leopard gecko (D:1)
  3 ball pythons (D:1)
  3 bats (D:1)
  4 giant cockroaches
  7 goblins
  A hobgoblin (D:1)
  A frilled lizard (D:1)
  3 kobolds
  5 rats (D:1)
30 creatures vanquished.

Notes
Turn   | Place    | Note
-------+----------+-------------------------------------------
     0 | D:1      | Zoop the Felid Transmuter began the quest for the Orb.
     0 | D:1      | Reached XP level 1. HP: 9/9 MP: 4/4
     0 | D:1      | Noticed a large abomination
     0 | D:1      | Noticed a green draconian
     1 | D:1      | Noticed an ice dragon
     3 | D:1      | Noticed an ice dragon
     3 | D:1      | Noticed a tentacled monstrosity
     5 | D:1      | Noticed an ice dragon
     8 | D:1      | Noticed an ice dragon
    11 | D:1      | Noticed an ice dragon
    13 | D:1      | Noticed a black draconian
    15 | D:1      | Noticed a shadow dragon
    17 | D:1      | Noticed an ice dragon
    17 | D:1      | Noticed a large abomination
   530 | D:1      | Reached XP level 2. HP: 12/12 MP: 4/6
   537 | D:1      | Learned a level 2 spell: Sticks to Snakes
  1003 | D:1      | Reached skill level 1 in Stealth
  1373 | D:1      | Reached XP level 3. HP: 15/15 MP: 5/7
  1476 | D:1      | Learned a level 3 spell: Spider Form
  1749 | D:2      | Noticed Sigmund
  1753 | D:2      | Mangled by Sigmund

Skill      XL: |  1  2 |
---------------+-------+-----
Dodging        | 3 |  3.1
Stealth        | 1 |  1.5
Fighting       | |  1.0
Unarmed Combat | |  3.4
Spellcasting   | |  2.3
Transmutations | |  2.5
Poison Magic   | |  0.1

Action                   || total
-------------------------++-------
Melee: Unarmed           ||    72
       Headbutt          ||    10
       Bite              ||     4
       Punch             ||     1
 Cast: Beastly Appendage ||    22
 Stab: Sleeping          ||     1
  Eat: Chunk             ||     9
Armor: Skin              ||     1
Dodge: Dodged            ||    52
